 Dungeon Crawl Stone Soup version 0.31.0-11-ge490571c62 (webtiles) character file.

Game seed: 3172700921015299828

207 qw the Shooter (level 5, -1/25 HPs)
             Began as a Spriggan Hunter on Feb 3, 2024.
             Killed from afar by a dart slug (5 damage)
             ... with a slug dart
             ... on level 3 of the Dungeon.
             The game lasted 00:00:06 (1847 turns).

qw the Shooter (Spriggan Hunter)                    Turns: 1847, Time: 00:00:06

Health: -1/25      AC:  5    Str:  7    XL:     5   Next: 54%
Magic:  6/6        EV: 19    Int: 11    God:
Gold:   93         SH:  0    Dex: 20    Spells: 4/4 levels left

rFire   . . .        a - +0 shortbow
rCold   . . .        (shield currently unavailable)
rNeg    . . .        c - +0 robe
rPois   .            d - +2 hat
rElec   .            b - +0 cloak
rCorr   .            (gloves unavailable)
SInv    +            (boots unavailable)
Will    .....        f - amulet of reflection
Stlth   +            (no ring)
HPRegen 0.24/turn    (no ring)
MPRegen 0.10/turn

%: reflection
@: confused, very quick
A: very small, no large weapons, unfitting armour, see invisible, speed 3
a: no special abilities


You were on level 3 of the Dungeon.
You visited 1 branch of the dungeon, and saw 3 of its levels.

You collected 93 gold pieces.


Innate Abilities, Weirdness & Mutations

You are very small and have problems with some larger weapons.
You are too small for most types of armour.
You have supernaturally acute eyesight. (SInv)
You cover ground extremely quickly. (Speed+++)


   Skills:
 - Level 1.5 Fighting
 - Level 6.3 Ranged Weapons
 + Level 4.4 Dodging
 - Level 1.5 Stealth


You had 4 spell levels left.
You didn't know any spells.
Your spell library was empty.

Inventory:

Hand Weapons
 a - a +0 shortbow (weapon)
Armour
 b - a +0 cloak (worn)
 c - a +0 robe (worn)
 d - a +2 hat (worn)
Jewellery
 f - an amulet of reflection (around neck)
Potions
 i - a potion of cancellation
 j - a potion of might

Dungeon Overview and Level Annotations

Branches:
Dungeon (3/15)

Altars:

Annotations:
D:3 Ijyb


Message History

Your will is overpowered!
You are more confused.
The dart slug misses you.
Ijyb zaps a wand.
You easily resist.
The dart slug misses you. Ijyb barely misses you.
Ijyb zaps a wand.
You easily resist.
The dart slug barely misses you.
Ijyb zaps a wand.
You easily resist.
The dart slug completely misses you.
Ijyb hits you with a +0 dagger of speed.
Ijyb hits you with a +0 dagger of speed.
The dart slug launches a dart at you. The slug dart misses you.
Ijyb zaps a wand.
Your will is overpowered!
You are more confused.
The dart slug completely misses you.
Ijyb zaps a wand.
Your will is overpowered!
You are more confused.
Ijyb zaps a wand.
You easily resist.
The dart slug barely misses you.
A giant cockroach comes into view.
Ijyb zaps a wand.
Your will is overpowered!
You are more confused.
The dart slug bites you.
Ijyb hits you with a +0 dagger of speed.
Ijyb misses you.
Ijyb zaps a wand.
You easily resist.
The dart slug barely misses you.
Ijyb zaps a wand.
Your will is overpowered!
You are more confused.
The dart slug misses you. Ijyb barely misses you.
Ijyb zaps a wand.
You easily resist.
The dart slug barely misses you. Ijyb hits you but does no damage.
Ijyb barely misses you. The dart slug completely misses you.
Ijyb completely misses you.
Ijyb hits you with a +0 dagger of speed.
The dart slug launches a dart at you. The slug dart hits you.
Ijyb hits you with a +0 dagger of speed.
An orc comes into view.
It is wielding a +0 hand axe and carrying a wand of iceblast.
Ijyb screams, "You nasty!
Big nasty!"
Ijyb completely misses you. The dart slug launches a dart at you.
The slug dart hits you.
You die...

..# ..## ##### ...#####
#...## ##### .......#
#....#####....
..####.###...........o
..## #..##...#.#....#
...# ##..........#..####
##....#######<..........
..###.# ####@...###.
...# # #wg....... ....#
.......#### ....#
#........# ......
...#........ ....>.
#...#......... ....##
### .........#. ...##
...$......# ...##


You could see Ijyb, a dart slug and an orc (wandering).

Vanquished Creatures
  Sigmund (D:2)
  An adder (D:3)
  3 dart slugs
  A ball python (D:1)
  4 endoplasms
  A goblin (D:1)
  4 jackals (D:1)
  7 kobolds
  2 quokkas
  5 bats
  A frilled lizard (D:3)
  3 rats (D:2)
33 creatures vanquished.

Notes
Turn   | Place    | Note
-------+----------+-------------------------------------------
     0 | D:1      | qw the Spriggan Hunter began the quest for the Orb.
     0 | D:1      | Reached XP level 1. HP: 10/10 MP: 2/2
     0 | D:1      | 0 ||| qw: Version: 0.3-a-157-g843a77d
     0 | D:1      | 0 ||| qw: Game counter: 3806
     0 | D:1      | 0 ||| qw: Melee chars always use a shield: true
     0 | D:1      | 0 ||| qw: God list: Okawaru
     0 | D:1      | 0 ||| qw: Allow faded altars: false
     0 | D:1      | 0 ||| qw: Do Orc after clearing Dungeon:15 true
     0 | D:1      | 0 ||| qw: Do second Lair branch before Depths: true
     0 | D:1      | 0 ||| qw: Lair rune preference: random
     0 | D:1      | 0 ||| qw: Goals: Normal
     0 | D:1      | 0 ||| PLANNING D:1-11
   179 | D:1      | Reached skill level 3 in Dodging
   244 | D:1      | Found a faded altar of an unknown god.
   253 | D:1      | Reached XP level 2. HP: 11/14 MP: 3/3
   910 | D:1      | 910 ||| READING scroll labelled JEKOBE AKUNONT.
   911 | D:1      | 911 ||| READING scroll labelled NOC PASOLIAJ.
   916 | D:1      | 916 ||| READING scroll labelled FUXUSTR OZXI.
   917 | D:1      | 917 ||| READING scroll labelled KYZXYBELUNT.
   918 | D:1      | 918 ||| DROPPING scroll of butterflies.
  1225 | D:2      | Noticed Sigmund
  1235 | D:2      | Killed Sigmund
  1236 | D:2      | Reached skill level 6 in Ranged Weapons
  1236 | D:2      | Reached XP level 3. HP: 11/18 MP: 4/4
  1236 | D:2      | Reached XP level 4. HP: 13/22 MP: 5/5
  1236 | D:2      | Reached XP level 5. HP: 15/25 MP: 6/6
  1619 | D:2      | 1619 ||| UPGRADING to +0 cloak.
  1624 | D:2      | 1624 ||| UPGRADING to +2 hat.
  1629 | D:2      | 1629 ||| UPGRADING to amulet of reflection.
  1634 | D:2      | 1634 ||| READING 3 scrolls labelled VEUGAU LURHIN.
  1634 | D:2      | 1634 ||| IDENTIFYING glowing coppery potion
  1635 | D:2      | 1635 ||| READING 2 scrolls of identify.
  1635 | D:2      | 1635 ||| IDENTIFYING fizzy purple potion
  1636 | D:2      | 1636 ||| READING scroll of identify.
  1636 | D:2      | 1636 ||| IDENTIFYING bubbling silvery potion
  1637 | D:2      | 1637 ||| READING scroll labelled OREUQA JANA.
  1638 | D:2      | 1638 ||| DROPPING potion of attraction.
  1777 | D:3      | Noticed Ijyb
  1788 | D:3      | 1788 ||| DRINKING fizzy coppery potion.
  1845 | D:3      | HP: 6/25 [dart slug/slug dart (3)]
  1847 | D:3      | Killed from afar by a dart slug

Levels and vault maps discovered:
D:1:      psy_arrival_radial02, layout_basic, ebering_ecumenical_altar_box
D:2:      layout_basic, minmay_liquid_box, minivault_5, corexii_hall_statues_s,
          uniq_sigmund
D:3:      layout_rooms, uniq_ijyb

Skill      XL: |  1  2 |
---------------+-------+-----
Dodging        | 3 4 |  4.4
Ranged Weapons | 6 |  6.3
Fighting       | |  1.5
Stealth        | |  1.5

Action                     |  1- 3 |  4- 6 || total
---------------------------+-------+-------++-------
   Fire: Shortbow          |    64 |    46 ||   110
    Use: Scroll            |     4 |     4 ||     8
         Potion            |       |     1 ||     1
 Armour: Robe              |     5 |    23 ||    28
         Skin              |       |    36 ||    36
  Dodge: Dodged            |    17 |    62 ||    79

Table legend:
 A = Non-vault XP
 B = Vault XP
 C = Vault XP percentage of total XP
 D = Non-vault monster count
 E = Vault monster count
 F = Vault count percentage of total count
                 A         B        C        D         E       F
            +---------+---------+-------+---------+---------+-------
      Total |      71 |     226 |  76.1 |      32 |       1 |   3.0
            +---------+---------+-------+---------+---------+-------
        D:1 |      34 |       0 |   0.0 |      17 |       0 |   0.0
        D:2 |      18 |     226 |  92.6 |      11 |       1 |   8.3
        D:3 |      19 |       0 |   0.0 |       4 |       0 |   0.0
            +---------+---------+-------+---------+---------+-------
